Map: Orbital Shipyard

Players

LilDicky

  • Race: Terran Terran
  • League: Diamond

Princess - Winner!

  • Race: Protoss Protoss
  • League: Diamond

VOD

http://www.twitch.tv/tumescentpie

Description

Time

  • Played on: Dec. 20, 2015, 1:04 p.m.
  • Length: 4:56
Show
View Real Time Build Order
Export as new Build Order

LilDicky Terran 

Build Orders:  

Get SALT Encoding   

  12  0:01  SCV  
  13  0:13  SCV  
  14  0:26  SCV  
  15  0:29  Supply Depot  
  15  0:50  SCV  
  15  0:53  Barracks  
  16  1:02  SCV  
  17  1:14  SCV  
  18  1:27  SCV  
  20  1:41  Supply Depot  
  20  1:42  Orbital Command  
  20  1:43  Marine  
  20  1:47  Command Center  
  20  2:01  Marine  
  21  2:11  Barracks  
  21  2:14  SCV  
  22  2:19  Barracks  
  22  2:21  Barracks  
  22  2:23  Marine  
  22  2:26  SCV  
  24  2:38  SCV, Barracks  
  24  2:41  Marine  
  26  2:50  SCV  
  27  2:52  Supply Depot  
  27  2:59  Marine  
  27  3:02  Orbital Command  
  27  3:04  Marine  
  29  3:12  Marine x2  
  30  3:17  Marine  
  31  3:21  Marine  
  31  3:29  Marine x2  
  32  3:35  Marine  
  32  3:37  Marine  
  32  3:39  Marine  
  35  3:47  Supply Depot, Marine x2  
  37  3:48  SCV  
  37  3:51  SCV  
  37  3:53  Marine  
  37  3:55  Marine  
  40  3:57  Marine  
  42  4:05  Marine x2  
  42  4:06  SCV x2  
  45  4:11  Marine  
  45  4:13  Marine  
  45  4:15  Marine  
  48  4:21  SCV  
  48  4:23  Marine x2  
  51  4:28  Marine  
  51  4:31  Marine  
  49  4:33  Marine  
  49  4:42  Engineering Bay  
Show
View Real Time Build Order
Export as new Build Order

Princess Protoss - Winner!

Build Orders: Dark Templar Rush 

Get SALT Encoding   

  12  0:01  Probe (Chrono Boost)  
  13  0:11  Probe (Chrono Boost)  
  14  0:19  Pylon  
  14  0:22  Probe (Chrono Boost)  
  15  0:37  Probe (Chrono Boost)  
  15  0:39  Gateway  
  16  0:48  Probe (Chrono Boost)  
  17  0:50  Assimilator  
  17  0:59  Probe (Chrono Boost)  
  17  1:01  Assimilator  
  18  1:09  Probe (Chrono Boost)  
  19  1:20  Probe (Chrono Boost)  
  19  1:21  Gateway  
  20  1:28  Cybernetics Core  
  20  1:30  Probe (Chrono Boost)  
  21  1:37  Pylon  
  21  1:41  Probe (Chrono Boost)  
  22  2:06  Warp Gate (Chrono Boost)  
  24  2:08  Adept x2  
  24  2:11  Twilight Council  
  26  2:16  Pylon  
  26  2:27  Mothership Core  
  28  2:31  Gateway  
  28  2:48  Probe  
  28  2:50  Dark Shrine  
  29  2:56  Gateway  
  29  3:46  Pylon  
  29  4:05  Dark Templar  
  29  4:06  Dark Templar  
  29  4:07  Zealot x2  
  35  4:22  Nexus  
  35  4:29  Dark Templar  
  35  4:30  Dark Templar  
  37  4:48  Nexus  
  35  4:53  Nexus  
Tags
 
Add a new tag
Caveats
  • Supply blocks, unpowered buildings, or Contaminate may cause inaccurate times.
  • Supply counts are checked every 10 seconds.